 Dungeon Crawl Stone Soup version 0.31-a0-655-gf2d5465dac (webtiles) character file.

Game seed: 10426617860258051619

513 GordonOverkill the Sneak (level 7, -2/42 HPs)
             Began as a Tengu Delver on Aug 30, 2023.
             Was a Follower of Sif Muna.
             Slain by a jelly (3 damage)
             ... on level 5 of the Dungeon.
             The game lasted 00:14:10 (4741 turns).

GordonOverkill the Sneak (Tengu Delver)             Turns: 4741, Time: 00:14:11

Health: -2/42      AC: -8    Str: 12    XL:     7   Next: 19%
Magic:  12/12      EV: 15    Int: 12    God:    Sif Muna [*.....]
Gold:   188        SH:  0    Dex: 16    Spells: 12/12 levels left

rFire   . . .        l - +1 dagger (elec)
rCold   . . .        (no shield)
rNeg    . . .        j - +0 leather armour
rPois   .            (helmet restricted)
rElec   .            t - +0 cloak
rCorr   .            (no gloves)
SInv    .            (boots unavailable)
Will    .....        (no amulet)
Stlth   +++          (no ring)
HPRegen 0.27/turn    (no ring)
MPRegen 0.13/turn

%: no passive effects
@: about to teleport, corroded, flying quickly and evasively, quick
A: beak, talons 3, nimble flight
a: Renounce Religion, Channel Magic


You were on level 5 of the Dungeon.
You worshipped Sif Muna.
Sif Muna was aware of your devotion.
You visited 2 branches of the dungeon, and saw 7 of its levels.

You collected 188 gold pieces.

Inventory:

Hand Weapons
 a - a +0 spear
 b - a +2 dagger of draining
 l - a +1 dagger of electrocution (weapon)
 n - a +0 sling of draining
 v - a +0 rapier
Armour
 j - a +0 leather armour (worn)
 s - the scarf "Vapniov" {repulsion, rC+}
   (You found it on level 2 of the Dungeon)

   rC+:       It protects you from cold.
 t - a +0 cloak (worn)
Magical Staves
 e - a staff of conjuration
 f - a staff of air
Wands
 g - a wand of digging (3)
 u - a wand of charming (12)
Scrolls
 c - 4 scrolls of fog
 d - a scroll of revelation
 h - a scroll of amnesia
 i - a scroll of enchant weapon {unknown}
 k - a scroll of vulnerability {unknown}
 p - a scroll of identify {unknown}
Potions
 m - a potion of curing {unknown}
 o - a potion of enlightenment {unknown}
 r - a potion of cancellation {unknown}


   Skills:
 + Level 3.8 Fighting
 - Level 2.0 Short Blades
 - Level 4.0 Polearms
 - Level 3.0 Dodging
 - Level 5.0 Stealth
 - Level 3.0 Spellcasting
 - Level 2.0 Conjurations
 - Level 2.0 Air Magic
 - Level 2.0 Invocations
 - Level 2.0 Evocations


You had 12 spell levels left.
You didn't know any spells.
Your spell library contained the following spells:

 Spells                   Type           Power      Damage    Failure   Level
 Sting                    Tmut/Pois      4%         1d3       30%         1
 Poisonous Vapours        Pois/Air       8%         N/A       30%         2
 Gell's Gravitas          Tloc           1%         N/A       67%         3
 Teleport Other           Tloc           1%         N/A       67%         3
 Olgreb's Toxic Radiance  Pois           1%         N/A       97%         4
 Dispersal                Tloc           0%         N/A       100%        6


Dungeon Overview and Level Annotations

Branches:
Dungeon (6/15)             Temple (1/1) D:4

Altars:
Ashenzari
Cheibriados
Dithmenos
Elyvilon
Fedhas
Gozag
Hepliaklqana
Kikubaaqudgha
Makhleb
Nemelex Xobeh
Okawaru
Sif Muna
Uskayaw
Vehumet
Wu Jian
Xom
Yredelemnul
Zin
The Shining One

Annotations:
D:3 1 runed translucent door, Crazy Yiuf, Ijyb, Sigmund, Terence
D:5 exclusion: downstairs


Innate Abilities, Weirdness & Mutations

You have a beak for a mouth.
You have claws for feet.
Your magical nature lets you fly swiftly and evasively.


Message History

The jelly hits you but does no damage.
The howler monkey hoots and howls with incredible vigour!
You hear an angry hiss. x2
You fly upwards.
Level annotation: exclusion: downstairs
There is a stone staircase leading down here.
You closely miss the howler monkey. Your kick misses the howler monkey.
Your peck misses the howler monkey. The howler monkey hits you!
The jelly barely misses you.
You hit the howler monkey. You claw the howler monkey.
The howler monkey is heavily wounded.
The howler monkey misses you. The jelly hits you but does no damage.
You hit the jelly but do no damage. The acid corrodes you!
Your hands burn!
You peck the jelly.
The jelly is lightly wounded.
The howler monkey barely misses you. The jelly hits you. The acid corrodes you!
You are splashed with acid!
* * * LOW HITPOINT WARNING * * *
You hit the jelly but do no damage.
Your hands burn!
* * * LOW HITPOINT WARNING * * *
The jelly is lightly wounded.
The howler monkey closely misses you. The jelly closely misses you.
You hit the jelly but do no damage. The acid corrodes you!
Your hands burn!
* * * LOW HITPOINT WARNING * * *
You claw the jelly, but do no damage.
The jelly is lightly wounded.
The howler monkey hits you.
* * * LOW HITPOINT WARNING * * *
You hit the jelly but do no damage.
Your hands burn!
* * * LOW HITPOINT WARNING * * *
You peck the jelly, but do no damage.
The jelly is lightly wounded.
The jelly closely misses you. The howler monkey misses you.
Okay, then.
Okay, then.
As you read the scroll of teleportation, it crumbles to dust.
You feel strangely unstable. The howler monkey hits you.
* * * LOW HITPOINT WARNING * * *
The jelly hits you.
You die...

#############
#....@h......
#...J######..
#....'....+
#....######
#....'..#
#....##.#
#....# #
####.# #.#


You could see a howler monkey and a jelly.

Vanquished Creatures
  2 howler monkeys
  A hound (D:4)
  2 orc priests
  A jelly (D:5)
  A sleepcap (D:4)
  Jessica (D:2)
  An orc wizard (Temple)
  Natasha (thrice) (D:4)
  Robin (D:2)
  3 adders
  A shadow imp (D:4)
  A dart slug (D:1)
  7 orcs
  4 endoplasms
  4 giant cockroaches
  24 goblins
  6 hobgoblins
  8 jackals
  6 quokkas
  5 ball pythons
  11 bats
  7 kobolds
  6 rats
106 creatures vanquished.

Notes
Turn   | Place    | Note
-------+----------+-------------------------------------------
     0 | D:5      | GordonOverkill the Tengu Delver began the quest for the
                  | Orb.
     0 | D:5      | Reached XP level 1. HP: 14/14 MP: 2/2
     1 | D:6      | Noticed a black bear
     5 | D:6      | Noticed a jelly
    84 | D:5      | Noticed a hound
   185 | D:5      | Noticed an ogre
   191 | D:5      | Noticed a water moccasin
   192 | D:5      | Noticed a hound
   198 | D:5      | Noticed a jelly
   200 | D:5      | Noticed a hound
   200 | D:5      | Noticed a phantom
   203 | D:5      | Noticed a scorpion
   203 | D:5      | Noticed a scorpion
   442 | D:3      | Noticed Terence
   452 | D:3      | Reached XP level 2. HP: 19/19 MP: 3/3
   521 | D:3      | Noticed Sigmund
   541 | D:3      | Noticed Ijyb
   722 | D:3      | Reached XP level 3. HP: 23/23 MP: 4/4
  1120 | D:1      | Reached skill level 1 in Short Blades
  1519 | D:2      | Reached XP level 4. HP: 28/28 MP: 5/5
  1601 | D:2      | Identified the scarf "Vapniov" {repulsion, rC+}
  1675 | D:2      | Noticed Jessica
  1683 | D:2      | Killed Jessica
  1684 | D:2      | Reached skill level 1 in Spellcasting
  1766 | D:2      | Noticed Robin
  1780 | D:2      | Killed Robin
  1781 | D:2      | Gained mutation: Your magical nature lets you fly swiftly
                  | and evasively. [Tengu growth]
  1781 | D:2      | Reached XP level 5. HP: 25/32 MP: 9/9
  2594 | D:4      | Reached skill level 1 in Conjurations
  2645 | D:4      | Reached skill level 1 in Air Magic
  2860 | D:4      | Noticed Natasha
  3031 | D:4      | Found a staircase to the Ecumenical Temple.
  3037 | Temple   | Entered the Ecumenical Temple
  3046 | Temple   | Became a worshipper of Sif Muna the Loreminder
  3058 | D:4      | Reached XP level 6. HP: 37/37 MP: 11/11
  3072 | D:4      | Killed Natasha
  3279 | Temple   | Reached skill level 1 in Invocations
  3378 | D:4      | Noticed Natasha
  3465 | D:4      | Killed Natasha
  3466 | D:4      | Reached skill level 1 in Evocations
  3783 | D:3      | Found a runed translucent door.
  3784 | D:3      | Noticed Crazy Yiuf
  4022 | D:4      | Noticed Natasha
  4030 | D:4      | Killed Natasha
  4031 | D:4      | Reached XP level 7. HP: 40/41 MP: 12/12
  4466 | D:4      | Found a staircase to the Ecumenical Temple.
  4683 | D:5      | Reached * piety under Sif Muna
  4741 | D:5      | HP: 1/42 [howler monkey (6)]
  4741 | D:5      | Slain by a jelly

Illustrated notes

Levels and vault maps discovered:
D:1:      dpeg_arrival_signposts, layout_basic, nicolae_the_louvre
D:2:      layout_loops_cross, uniq_robin, uniq_jessica
D:3:      layout_loops_ring, st_stairs_11, uniq_sigmund, uniq_ijyb,
          uniq_terence, uniq_crazy_yiuf_cottage
D:4:      layout_basic, minmay_temple_entry_arrows, uniq_natasha
D:5:      kennysheep_windowed_halls, layout_basic
D:6:      layout_rooms, gammafunk_temple_overflow_claw
Temple:   compressed_dpeg_triangle_lava_temple

Skill      XL: |  1  2  3  4  5  6 |
---------------+-------------------+-----
Polearms       | 3 4 |  4.0
Short Blades   | 1 2 |  2.0
Spellcasting   | 2 3 |  3.0
Conjurations   | 2 |  2.0
Air Magic      | 2 |  2.0
Dodging        | 3 |  3.0
Invocations    | 2 |  2.0
Evocations     | 2 |  2.0
Fighting       | |  3.8
Stealth        | |  5.0

Action                     |  1- 3 |  4- 6 |  7- 9 || total
---------------------------+-------+-------+-------++-------
  Melee: Spear             |    23 |       |       ||    23
         Kick              |     8 |    42 |     3 ||    53
         Dagger            |    26 |   154 |    12 ||   192
         Peck              |     5 |    26 |     3 ||    34
         Punch             |       |     3 |       ||     3
   Fire: Sling             |    32 |       |       ||    32
    Use: Potion            |     1 |     2 |       ||     3
         Scroll            |       |     3 |     1 ||     4
   Stab: Sleeping          |     9 |    10 |     1 ||    20
         Distracted        |       |     2 |       ||     2
 Armour: Leather armour    |    14 |    23 |     2 ||    39
  Dodge: Dodged            |    32 |    91 |    13 ||   136
         Repelled          |       |     1 |       ||     1

Table legend: (Time is in decaauts)
 A = Elapsed time spent in this place.
 B = Non-inter-level travel time spent in this place.
 C = Inter-level travel time spent in this place.
 D = Time resting spent in this place.
 E = Time spent auto-exploring this place.
 F = Levels seen in this place.
 G = Mean time per level.
                   A        B        C        D        E       F      G
               +--------+--------+--------+--------+--------+-----+--------+
         Total |   4491 |   4137 |    354 |    449 |   2029 |   7 |  641.6 |
       Dungeon |   4208 |   3861 |    347 |    256 |   2029 |   6 |  701.3 |
        Temple |    283 |    276 |      7 |    193 |      0 |   1 |  283.0 |
               +--------+--------+--------+--------+--------+-----+--------+

Top non-repeatable levels by time:
     D:4: 1557 daAuts
     D:3: 907 daAuts
     D:2: 764 daAuts
     D:1: 628 daAuts
     D:5: 335 daAuts
  Temple: 283 daAuts
     D:6: 15 daAuts
